 Dungeon Crawl Stone Soup version 0.28.0-43-g3370ac3207 (webtiles) character file.

Game seed: 2744251735422890919

1604 ZappyNine the Skirmisher (level 9, -5/68 HPs)
             Began as a Djinni Fire Elementalist on Mar 13, 2022.
             Was a Priest of Dithmenos.
             Slain by a warg (9 damage)
             ... on level 8 of the Dungeon.
             The game lasted 00:16:08 (7733 turns).

ZappyNine the Skirmisher (Djinni Fire Elementalist) Turns: 7733, Time: 00:16:09

Health: -5/68      AC:  2    Str:  7    XL:     9   Next: 16%
Gold:   241        EV: 14    Int: 21    God:    Dithmenos [***...] SH:  0 Dex: 20

rFire   + + .      SeeInvis .   b - staff of conjuration
rCold   x . .      Faith    .   (no shield)
rNeg    . . .      Spirit   .   a - +0 robe
rPois   ∞          Reflect  .   (no helmet)
rElec   .          Harm     .   (no cloak)
rCorr   .          Rampage  .   (no gloves)
Will    .....                   (boots unavailable)
Stlth   +++.......              (no amulet)
HPRegen 0.21/turn               s - +6 ring of dexterity
MPRegen 0.00/turn               i - ring of wizardry

@: attractive, flying, wreathed by umbra
A: sickness immunity, fire resistance 2, cold vulnerability 1, float, innate
caster, HP casting, extra vitality 1
a: Renounce Religion, Shadow Step


You were on level 8 of the Dungeon.
You worshipped Dithmenos.
Dithmenos was most pleased with you.
You visited 1 branch of the dungeon, and saw 8 of its levels.

You collected 241 gold pieces.

Inventory:

Hand Weapons
 j - a +2 dagger of protection
Missiles
 p - a throwing net
Armour
 a - a +0 robe (worn)
Magical Staves
 b - a staff of conjuration (weapon)
Jewellery
 i - a ring of wizardry (right hand)
 s - a +6 ring of dexterity (left hand)
Wands
 m - a wand of polymorph (2)
Scrolls
 c - a scroll of torment
 f - 2 scrolls of teleportation
 g - a scroll of magic mapping {unknown}
 l - 2 scrolls of identify
 o - a scroll of enchant armour {unknown}
 r - a scroll of acquirement {unknown}
 v - a scroll of brand weapon {unknown}
Potions
 d - a potion of curing {unknown}
 e - 3 potions of attraction
 k - a potion of brilliance {unknown}
 n - a potion of haste {unknown}
 q - a potion of might {unknown}
 t - a potion of berserk rage {unknown}
 u - a potion of ambrosia {unknown}


   Skills:
 + Level 7.0 Fighting
 - Level 3.3 Dodging
 - Level 2.6 Stealth
 + Level 6.3 Spellcasting


You couldn't memorise any spells.
You knew the following spells:

 Your Spells              Type           Power      Damage    Failure   Level
a - Foxfire               Conj/Fire      100%       2x1d9     1%          1
b - Scorch                Fire           66%        2d8       1%          2
c - Conjure Flame         Conj/Fire      49%        6-21      1%          3
d - Inner Flame           Hex/Fire       33%        N/A       1%          3
e - Flame Wave            Conj/Fire      49%        2d10      2%          4
f - Shock                 Conj/Air       100%       1d9       1%          1
g - Corpse Rot            Necr/Air       66%        N/A       1%          2
h - Confusing Touch       Hex            33%        N/A       1%          3
i - Anguish               Hex/Necr       16%        N/A       2%          4
Your spell library was empty.

Dungeon Overview and Level Annotations

Branches:
Dungeon (9/15)               Lair (0/6) D:8
 Temple: D:4-7          Orc: D:9-12

Altars:
Dithmenos
Qazlal
Trog
The Shining One

Shops:
D:5 (

Annotations:
D:4 Eustachio


Innate Abilities, Weirdness & Mutations

You are immune to sickness and miasma.
You are immune to poison.
Your flesh is very heat resistant. (rF++)
You are vulnerable to cold. (rC-)
You float through the air rather than walking.
You learn spells naturally, not from books.
Your magical power is your life essence.
You have superior vitality. (+4 MHP)


Message History

The warg is engulfed in a cloud of scalding steam.
Unknown command.
It was a potion of attraction.
You feel attractive to monsters. The wyvern zombie barely misses you.
The warg is engulfed in a cloud of scalding steam.
Unknown command.
Unknown command.
The orc is engulfed in a cloud of scalding steam.
The orc dies!
The wyvern zombie is attracted toward you.
The orc priest is attracted toward you.
The steam dragon is attracted toward you.
The orc priest looks satisfied for a moment.
The wyvern zombie is attracted toward you.
The orc priest is attracted toward you. The orc priest is attracted toward you.
The steam dragon is attracted toward you.
The steam dragon is attracted toward you.
The orc wizard is attracted toward you. The warg barely misses you.
The steam dragon is attracted toward you.
The orc wizard is attracted toward you. The warg is attracted toward you.
The orc priest is attracted toward you. The warg barely misses you.
The wyvern zombie is attracted toward you.
The wyvern zombie is attracted toward you.
The steam dragon is attracted toward you.
The wyvern zombie is attracted toward you.
The steam dragon is attracted toward you.
The warg barely misses you.
The steam dragon is attracted toward you.
The wyvern zombie is attracted toward you.
The orc priest is attracted toward you.
The steam dragon is attracted toward you.
The wyvern zombie is attracted toward you.
The steam dragon is attracted toward you.
The wyvern zombie is attracted toward you.
The warg bites you!
You die...

.......# #.#
..o§h§§# #.#
...h§§h# #.#
...D§#h# #.# ###
....##o# ... ..#
..## #D# #.# #.#
######.# #.#
.....§.# #.#
######§#########@#
#§§§Z§ZD.oh.#
#############


You could see a warg, a steam dragon, an orc priest and a wyvern zombie.

Vanquished Creatures
  A yak (D:8)
  A warg (D:8)
  A sky beast (D:5)
  An ogre (D:5)
  A necrophage (D:3)
  A centaur (D:5)
  A kobold brigand (D:6)
  3 scorpions
  A water moccasin zombie (D:5)
  4 wights (D:6)
  3 jellies
  3 centaur skeletons
  2 orc priests
  2 iguanas
  3 orc wizards
  A hound skeleton (D:4)
  Robin (D:3)
  A howler monkey skeleton (D:4)
  5 adders
  2 shadow imps (D:5)
  An adder skeleton (D:4)
  A worm (D:5)
  2 dart slugs
  10 orcs
  4 endoplasms
  2 giant cockroaches
  9 goblins
  11 hobgoblins
  7 kobolds
  2 quokkas
  8 ball pythons
  3 bats
  A frilled lizard (D:2)
  A rat (D:3)
100 creatures vanquished.

Vanquished Creatures (others)
  2 orcs (D:8)
  119 foxfires
121 creatures vanquished.

Grand Total: 221 creatures vanquished

Notes
Turn   | Place    | Note
-------+----------+-------------------------------------------
     0 | D:1      | ZappyNine the Djinni Fire Elementalist began the quest for
                  | the Orb.
     0 | D:1      | Reached XP level 1. HP: 15/15 MP: 0/0
   330 | D:1      | Found a faded altar of an unknown god.
   570 | D:1      | Prayed at the altar of an unknown god.
   570 | D:1      | Became a worshipper of Dithmenos the Shadowed
   570 | D:1      | Reached * piety under Dithmenos
   592 | D:1      | Reached XP level 2. HP: 19/21 MP: 0/0
  1661 | D:2      | Reached XP level 3. HP: 14/25 MP: 0/0
  1661 | D:2      | Learned a level 1 spell: Shock
  2212 | D:3      | Found a glowing golden altar of the Shining One.
  2226 | D:3      | Noticed Robin
  2287 | D:2      | Reached ** piety under Dithmenos
  2528 | D:3      | Reached XP level 4. HP: 21/31 MP: 0/0
  2701 | D:3      | Killed Robin
  3444 | D:3      | Noticed a necrophage
  3465 | D:3      | Killed a necrophage
  3466 | D:3      | Reached skill level 1 in Fighting
  3466 | D:3      | Reached XP level 5. HP: 24/38 MP: 0/0
  3466 | D:3      | Learned a level 2 spell: Corpse Rot
  3844 | D:4      | Reached skill level 2 in Fighting
  3844 | D:4      | Reached XP level 6. HP: 33/43 MP: 0/0
  4374 | D:4      | Reached skill level 3 in Fighting
  4627 | D:4      | Noticed Eustachio
  5027 | D:5      | Entered Level 5 of the Dungeon
  5053 | D:5      | Reached XP level 7. HP: 33/51 MP: 0/0
  5053 | D:5      | Learned a level 3 spell: Confusing Touch
  5252 | D:5      | Reached skill level 4 in Fighting
  5631 | D:5      | Reached XP level 8. HP: 36/58 MP: 0/0
  5900 | D:5      | Reached skill level 5 in Spellcasting
  6121 | D:5      | Reached *** piety under Dithmenos
  6122 | D:5      | Reached skill level 5 in Fighting
  6176 | D:5      | Found Micur's Antique Weapon Emporium.
  7242 | D:6      | Reached skill level 6 in Fighting
  7265 | D:6      | Found a bloodstained altar of Trog.
  7297 | D:6      | Found a stormy altar of Qazlal.
  7376 | D:6      | You are sucked into a shaft and drop 3 floors!
  7376 | D:9      | Noticed a yak
  7376 | D:9      | Noticed a yak
  7376 | D:9      | Noticed a yak
  7376 | D:9      | Noticed a yak
  7376 | D:9      | Noticed a yak
  7376 | D:9      | Noticed a yak
  7433 | D:8      | HP: 1/61 [yak (15)]
  7436 | D:8      | Killed a yak
  7437 | D:8      | Reached XP level 9. HP: 27/67 MP: 0/0
  7437 | D:8      | Learned a level 4 spell: Anguish
  7709 | D:8      | Found a staircase to the Lair.
  7716 | D:8      | Reached skill level 7 in Fighting
  7716 | D:8      | HP: 1/68 [steam dragon/ball of steam (6)]
  7733 | D:8      | Slain by a warg

Illustrated notes

Levels and vault maps discovered:
D:1:      saegor_arrival_simple_c, layout_rooms,
          hellmonk_ecumenical_altar_blasted
D:2:      layout_basic
D:3:      layout_basic, mainiacjoe_overflow_paths, minmay_misc_feat_plants,
          kennysheep_generic_room_12, uniq_robin
D:4:      layout_basic, mainiacjoe_overflow_alcove_4,
          chequers_serial_rivers_small_b, uniq_eustachio
D:5:      layout_loops_corners, serial_shops, nicolae_take_the_stairs
D:6:      layout_gridville, nicolae_wu_jian_wuxing_cycle, old_standard_altar,
          mainiacjoe_overflow_brackets, minmay_temple_entry_poolview
D:8:      layout_basic, erik_lair_orcish_takeover
D:9:      layout_loops_ring, grunt_temple_overflow_growth_and_decay,
          orc_0_dummy, uniq_grum, uniq_pikel, uniq_erolcha

Skill      XL: |  1  2  3  4  5  6  7  8  9 |
---------------+----------------------------+-----
Stealth        | 2 |  2.6
Dodging        | 3 |  3.3
Spellcasting   | 3 4 6 |  6.3
Fighting       | 1 2 3 4 6 7 |  7.0

Action                   |  1- 3 |  4- 6 |  7- 9 || total
-------------------------+-------+-------+-------++-------
Melee: Unarmed           |    18 |       |       ||    18
       Dagger            |     4 |     1 |       ||     5
       Staff             |       |       |     1 ||     1
 Cast: Foxfire           |    26 |    19 |    28 ||    73
       Scorch            |    18 |    45 |    51 ||   114
       Conjure Flame     |     2 |     2 |     1 ||     5
       Flame Wave        |       |       |    11 ||    11
       Confusing Touch   |       |       |     1 ||     1
  Use: Scroll            |       |     9 |       ||     9
       Potion            |       |     1 |     3 ||     4
Armor: Robe              |    10 |     1 |     1 ||    12
Dodge: Dodged            |    33 |     9 |    28 ||    70
